 Dungeon Crawl Stone Soup version 0.26-a0-812-g31a745ddcd (webtiles) character file.

Game seed: 9506192216790376110

1162 mkm the Firebug (level 8, -3/62 HPs)
             Began as a Grey Draconian Fire Elementalist on Nov 26, 2020.
             Slain by Duvessa
             ... wielding a +0 rapier
              (10 damage)
             ... on level 6 of the Dungeon.
             The game lasted 00:28:01 (9768 turns).

mkm the Firebug (Grey Draconian Fire Elementalist)  Turns: 9768, Time: 00:28:02

Health: -3/62      AC: 12    Str: 12      XL:     8   Next: 17%
Magic:  9/14       EV: 12    Int: 14 (16) God:
Gold:   291        SH:  0    Dex: 10 (12) Spells: 12/16 levels left

rFire    . . .     SeeInvis .   b - +2 short sword (venom)
rCold    . . .     Faith    .   (no shield)
rNeg     . . .     Spirit   .   (armour unavailable)
rPois    .         Reflect  .   (helmet restricted)
rElec    .         Harm     .   (no cloak)
rCorr    .         Rampage  .   (no gloves)
MR       +....                  k - +0 pair of boots
Stlth    ++........             e - amulet of magic regeneration
HPRegen  0.20/turn              f - ring of protection from magic
MPRegen  0.39/turn              (no ring)

@: no status effects
A: walk through water, unfitting armour, horns 1, blurry vision 1, deterioration
1, unbreathing, cold-blooded, AC +11
a: no special abilities


You were on level 6 of the Dungeon.
You visited 1 branch of the dungeon, and saw 6 of its levels.
You also visited: Ossuary.

You collected 291 gold pieces.

Inventory:

Hand Weapons
 b - a +2 short sword of venom (weapon)
Armour
 k - a +0 pair of boots (worn)
Jewellery
 c - an uncursed ring of poison resistance
 e - an amulet of magic regeneration (around neck)
 f - a ring of protection from magic (left hand)
 p - an uncursed ring of positive energy
Wands
 g - a wand of digging (4)
 m - a wand of random effects (26)
Scrolls
 a - 5 scrolls of teleportation
 d - 8 scrolls of remove curse
 h - a scroll of enchant armour
 j - 2 scrolls of blinking
 n - 4 scrolls of magic mapping
 o - 5 scrolls of identify
Potions
 i - 3 potions of heal wounds
 l - 3 potions of curing
 q - a potion of ambrosia
 r - a potion of mutation
 s - a potion of brilliance


   Skills:
 + Level 2.4 Fighting
 + Level 3.8 Short Blades
 + Level 2.8 Dodging
 + Level 3.3 Stealth
 + Level 0.4 Unarmed Combat
 + Level 4.5 Spellcasting
 + Level 3.6 Conjurations
 + Level 5.4 Fire Magic


You had 12 spell levels left.
You knew the following spells:

 Your Spells              Type           Power        Failure   Level
a - Foxfire               Conj/Fire      ###.         3%          1
b - Conjure Flame         Conj/Fire      ###.....     9%          3

Your spell library contained the following spells:

 Spells                   Type           Power        Failure   Level
 Inner Flame              Hex/Fire       ##......     19%         3
 Sticky Flame             Conj/Fire      ###.....     28%         4
 Fireball                 Conj/Fire      ###.......   63%         5


Dungeon Overview and Level Annotations

Branches:
Dungeon (6/15)            Ossuary (visited)
 Temple: D:4-7

Altars:

Annotations:
D:6 Duvessa


Innate Abilities, Weirdness & Mutations

You can walk through water.
Your dull iron-grey scales are very hard. (AC +11)
You cannot fit into any form of body armour.
You can survive without breathing.
You are cold-blooded and may be slowed by cold attacks.
You have a pair of small horns on your head.
Scrolls take you a little longer to read.
Your body sometimes deteriorates upon taking damage.


Message History

The ball python constricts you.
You escape the ball python's grasp.
Duvessa hits you with a +0 rapier!
* * * LOW HITPOINT WARNING * * *
The ball python bites you but does no damage.
The ball python grabs you.
You stop ascending the stairs.
* * * LOW HITPOINT WARNING * * *
The ball python constricts you. Duvessa hits you with a +0 rapier!
* * * LOW HITPOINT WARNING * * *
Casting: Foxfire (safe; 3% risk of failure)
Confirm with . or Enter, or press ? or * to list all spells.
You conjure some foxfire!
Duvessa hits you but does no damage. The ball python barely misses you.
The ball python constricts you.
Casting: Foxfire (safe; 3% risk of failure)
Confirm with . or Enter, or press ? or * to list all spells.
You conjure some foxfire!
The foxfire hits the ball python.
You kill the ball python!
The foxfire hits Duvessa but does no damage.
Duvessa is lightly wounded.
Duvessa hits you with a +0 rapier!
You die...

.. #..#. #. .... ##
#. #..#..###
#.######..#.....
#............... #..
#..).)..B.
..###..####..#.....#
#.....ยง.e....#
#...# #.....v@.##.##
.## #..###v#.##.# #
#.#.##.# #.#.##.#
#.#.##.# ........
#..#.... #.# #


You could see Duvessa (berserk).

Vanquished Creatures
  Sigmund (D:3)
  A sky beast (D:5)
  An ogre (D:6)
  Dowan (D:6)
  2 hounds (D:5)
  An orc priest (D:4)
  4 orc wizards
  Ijyb (D:3)
  An iguana (D:4)
  5 worker ants
  12 mummies (Ossuary)
  Robin (D:4)
  6 gnolls
  6 adders
  A white imp (D:5)
  An adder zombie (D:5)
  2 worms
  4 dart slugs
  A leopard gecko (D:3)
  10 orcs
  A ball python (D:6)
  2 bats (D:2)
  4 giant cockroaches (D:1)
  13 goblins
  11 hobgoblins
  9 jackals
  3 quokkas
  2 frilled lizards
  A gnoll skeleton (Ossuary)
  2 goblin skeletons (Ossuary)
  A jackal skeleton (D:4)
  7 kobolds
  2 kobold skeletons (Ossuary)
  A leopard gecko zombie (D:5)
  An orc skeleton (Ossuary)
  8 rats
  11 rat skeletons (Ossuary)
141 creatures vanquished.

Vanquished Creatures (collateral kills)
  A foxfire (D:5)
1 creature vanquished.

Vanquished Creatures (others)
  2 kobold skeletons (Ossuary)
  348 foxfires
350 creatures vanquished.

Grand Total: 492 creatures vanquished

Notes
Turn   | Place    | Note
-------+----------+-------------------------------------------
     0 | D:1      | mkm the Draconian Fire Elementalist began the quest for the
                  | Orb.
     0 | D:1      | Reached XP level 1. HP: 14/14 MP: 3/3
   479 | D:1      | Reached XP level 2. HP: 20/20 MP: 0/5
  1062 | D:1      | Reached XP level 3. HP: 23/26 MP: 2/6
  2187 | D:2      | Reached XP level 4. HP: 33/33 MP: 0/7
  2782 | D:3      | Noticed Sigmund
  3007 | D:3      | Killed Sigmund
  3007 | D:3      | Reached skill level 1 in Fighting
  3007 | D:3      | Reached XP level 5. HP: 11/40 MP: 0/9
  3391 | D:3      | Reached skill level 4 in Fire Magic
  3487 | D:3      | Noticed Ijyb
  3511 | D:3      | Killed Ijyb
  3723 | D:3      | Reached XP level 6. HP: 46/47 MP: 10/10
  4316 | D:4      | Learned a level 3 spell: Conjure Flame
  4362 | D:4      | Noticed Robin
  4433 | D:4      | Killed Robin
  6175 | D:5      | Entered Level 5 of the Dungeon
  6236 | D:5      | Your scales start taking on a dull iron-grey colour.
  6236 | D:5      | Reached XP level 7. HP: 53/53 MP: 7/11
  6236 | D:5      | Gained mutation: You can survive without breathing. [Grey
                  | Draconian growth]
  6719 | D:5      | Found a sand-covered staircase.
  6729 | Ossuary  | Entered an ossuary
  7979 | Ossuary  | Gained mutation: Your body sometimes deteriorates upon
                  | taking damage. [potion of mutation]
  7979 | Ossuary  | Gained mutation: Scrolls take you a little longer to read.
                  | [potion of mutation]
  7979 | Ossuary  | Gained mutation: You have a pair of small horns on your
                  | head. [potion of mutation]
  9163 | Ossuary  | Reached skill level 5 in Fire Magic
  9580 | D:5      | Reached XP level 8. HP: 51/62 MP: 11/14
  9742 | D:6      | Noticed Dowan
  9748 | D:6      | Noticed Duvessa
  9751 | D:6      | Killed Dowan
  9768 | D:6      | Slain by Duvessa

Illustrated notes

Levels and vault maps discovered:
D:1:      dpeg_arrival_morbid_curiosity, layout_basic, serial_park_tiny_2
D:2:      layout_basic
D:3:      layout_loops_ring, uniq_sigmund, uniq_ijyb
D:4:      layout_basic, uniq_robin
D:5:      layout_basic, portal_sewer_entry_d, enter_ossuary_1
D:6:      layout_loops_ring, kennysheep_little_box,
          nicolae_tso_carved_into_rock, uniq_eustachio, uniq_blork_the_orc,
          uniq_duvessa

Skill      XL: |  1  2  3  4  5  6  7 |
---------------+----------------------+-----
Stealth        | 2 3 |  3.3
Dodging        | 2 |  2.8
Fighting       | 1 2 |  2.4
Short Blades   | 2 3 |  3.8
Conjurations   | 2 3 |  3.6
Fire Magic     | 4 5 |  5.4
Spellcasting   | 3 4 |  4.5
Unarmed Combat | |  0.4

Action                   |  1- 3 |  4- 6 |  7- 9 || total
-------------------------+-------+-------+-------++-------
Melee: Unarmed           |    32 |       |       ||    32
       Tailslap          |    11 |     9 |     7 ||    27
       Short sword       |    65 |    99 |    69 ||   233
       Headbutt          |       |       |     2 ||     2
 Cast: Foxfire           |    35 |    67 |   162 ||   264
       Conjure Flame     |       |    20 |       ||    20
  Use: Potion            |     2 |     3 |     5 ||    10
       Scroll            |     2 |     8 |     2 ||    12
 Stab: Sleeping          |     2 |     3 |       ||     5
Armor: Skin              |    28 |    32 |    26 ||    86
Dodge: Dodged            |    70 |    57 |    49 ||   176

Table legend: (Time is in decaauts)
 A = Elapsed time spent in this place.
 B = Non-inter-level travel time spent in this place.
 C = Inter-level travel time spent in this place.
 D = Time resting spent in this place.
 E = Time spent auto-exploring this place.
 F = Levels seen in this place.
 G = Mean time per level.
                   A        B        C        D        E       F      G
               +--------+--------+--------+--------+--------+-----+--------+
         Total |   9749 |   9584 |    165 |   4006 |   3669 |   7 | 1392.7 |
       Dungeon |   7056 |   6891 |    165 |   1985 |   3279 |   6 | 1176.0 |
       Ossuary |   2692 |   2692 |      0 |   2021 |    390 |   1 | 2692.0 |
               +--------+--------+--------+--------+--------+-----+--------+

Top non-repeatable levels by time:
 Ossuary: 2692 daAuts
     D:4: 2199 daAuts
     D:1: 1708 daAuts
     D:3: 1153 daAuts
     D:2: 1101 daAuts
     D:5: 863 daAuts
     D:6: 30 daAuts
